 Dungeon Crawl Stone Soup version 0.27-a0-684-g359e429f13 (webtiles) character file.

Game seed: 2550156009103127105

261 Aapotti the Stinger (level 5, -7/40 HPs)
             Began as a Demigod Venom Mage on Mar 20, 2021.
             Mangled by an ogre
             ... wielding a +0 giant club
              (24 damage)
             ... on level 4 of the Dungeon.
             The game lasted 00:13:53 (4857 turns).

Aapotti the Stinger (Demigod Venom Mage)            Turns: 4857, Time: 00:13:54

Health: -7/40      AC:  3    Str:  9    XL:     5   Next: 63%
Magic:  3/12       EV: 12    Int: 21    God:
Gold:   86         SH:  0    Dex: 14    Spells: 1/9 levels left

rFire    . . .     SeeInvis .   k - +0 falchion (protect)
rCold    . . .     Faith    .   (no shield)
rNeg     . . .     Spirit   .   n - +0 leather armour
rPois    .         Reflect  .   (no helmet)
rElec    .         Harm     .   (no cloak)
rCorr    .         Rampage  .   (no gloves)
Will     .....                  (no boots)
Stlth    ++........             (no amulet)
HPRegen  0.13/turn              b - +4 ring of slaying
MPRegen  0.13/turn              (no ring)

@: sluggish, very slow
A: high mp 1, forlorn
a: no special abilities


You were on level 4 of the Dungeon.
You visited 1 branch of the dungeon, and saw 4 of its levels.

You collected 86 gold pieces.

Inventory:

Hand Weapons
 k - a +0 falchion of protection (weapon)
Missiles
 m - 37 poisoned darts
Armour
 n - a +0 leather armour (worn)
Jewellery
 b - a +4 ring of slaying (right hand)
Wands
 u - a wand of flame (12)
Scrolls
 c - a scroll of amnesia
 d - a scroll of magic mapping {unknown}
 e - a scroll of enchant armour {unknown}
 g - 2 scrolls of blinking {unknown}
 i - a scroll of brand weapon {unknown}
 l - a scroll of fog {unknown}
 r - a scroll of immolation {unknown}
 s - a scroll of summoning {unknown}
Potions
 f - a potion of ambrosia {unknown}
 j - a potion of curing {unknown}
 o - a potion of might {unknown}
 p - a potion of attraction {unknown}
 q - a potion of heal wounds {unknown}
 t - 2 potions of flight {unknown}
 v - a potion of resistance {unknown}
 w - a potion of lignification {unknown}


   Skills:
 + Level 1.6 Fighting
 + Level 2.8 Dodging
 - Level 1.9 Stealth
 + Level 2.7 Spellcasting
 - Level 1.3 Transmutations
 + Level 1.2 Air Magic
 * Level 4.1 Poison Magic


You had one spell level left.
You knew the following spells:

 Your Spells              Type           Power      Damage    Failure   Level
a - Sting                 Tmut/Pois      56%        1d5       6%          1
b - Poisonous Vapours     Pois/Air       28%        N/A       10%         2
c - Swiftness             Air            8%         N/A       17%         2
d - Mephitic Cloud        Conj/Pois/Air  10%        N/A       26%         3

Your spell library contained the following spells:

 Spells                   Type           Power      Damage    Failure   Level
 Shock                    Conj/Air       20%        1d4       16%         1
 Ignite Poison            Fire/Tmut/Pois 10%        N/A       26%         3
 Olgreb's Toxic Radiance  Pois           20%        N/A       34%         4
 Static Discharge         Conj/Air       5%         N/A       41%         3
 Airstrike                Air            4%         N/A       75%         4
 Lightning Bolt           Conj/Air       2%         1d14      99%         5


Dungeon Overview and Level Annotations

Branches:
Dungeon (4/15)
 Temple: D:4-7

Shops:
D:2 [


Innate Abilities, Weirdness & Mutations

Your attributes grow dramatically as you level up.
You have an increased reservoir of magic. (+10% MP)
You shall have no god before yourself.


Message History

Casting: Mephitic Cloud (quite dangerous; 26% risk of failure)
Confirm with . or Enter, or press ? or * to list all spells.
You feel quick. The ogre hits you with a +0 giant club!
Aiming: Poisonous Vapours (safe; 10% risk of failure)
Press: ? - help, Q - select action, (/) - cycle Dir - move target, f/p - ogre
Aim: an ogre, wielding a +0 giant club (heavily wounded, poisoned) Poisonous vapours surround the ogre!
The ogre looks more healthy.
The ogre is engulfed in poison gas.
The ogre is poisoned.
You see here a +0 dagger.
You start to feel a little slower.
Your magical contamination has completely faded away.
Casting: Poisonous Vapours (safe; 10% risk of failure)
Confirm with . or Enter, or press ? or * to list all spells.
Aiming: Sting (safe; 6% risk of failure)
Press: ? - help, Shift-Dir - straight line, f/p - ogre
Aim: an ogre, wielding a +0 giant club (severely wounded, poisoned, 14% to evade)
You miscast Sting.
You are very lightly contaminated with residual magic.
Nothing appears to happen.
Casting: Sting (safe; 6% risk of failure)
Confirm with . or Enter, or press ? or * to list all spells.
Aiming: Sting (safe; 6% risk of failure)
Press: ? - help, Shift-Dir - straight line, f/p - ogre
Aim: an ogre, wielding a +0 giant club (severely wounded, poisoned, 14% to evade)
The sting misses the ogre.
The ogre looks more healthy.
You feel sluggish. The ogre hits you with a +0 giant club!
Your magical contamination has completely faded away.
An orc wizard comes into view. It is wielding a +0 dagger.
Aiming: Poisonous Vapours (safe; 10% risk of failure)
Press: ? - help, Q - select action, (/) - cycle Dir - move target, f/p - ogre
Aim: an ogre, wielding a +0 giant club (severely wounded) Poisonous vapours surround the ogre!
The orc wizard shouts!
You hear a shout!
The ogre is engulfed in poison gas.
The ogre is poisoned.
The ogre hits you with a +0 giant club!!
Ouch! That really hurt!
You die...

#.)## .......
.#######..# .......
......#..## .....
##...(..## ##..o###.
........####........
.........##.<.#
.............##
#########.O.## ##@##
#.## ##.# #.##
#..### #..).##
#.#...## ##.##...###
#..####.†.##


You could see an ogre (poisoned) and an orc wizard.

Vanquished Creatures
  A centaur skeleton (D:4)
  An orc wizard (D:4)
  A worker ant (D:2)
  4 gnolls (D:3)
  5 adders
  An ooze (D:1)
  6 worms
  A dart slug (D:3)
  5 leopard geckos
  2 orcs (D:4)
  A ball python (D:1)
  7 bats
  3 giant cockroaches
  7 goblins
  8 hobgoblins
  3 jackals (D:2)
  6 frilled lizards
  A jackal zombie (D:3)
  10 kobolds
  6 rats
79 creatures vanquished.

Notes
Turn   | Place    | Note
-------+----------+-------------------------------------------
     0 | D:1      | Aapotti the Demigod Venom Mage began the quest for the Orb.
     0 | D:1      | Reached XP level 1. HP: 14/14 MP: 5/5
   434 | D:1      | Reached skill level 1 in Transmutations
   832 | D:1      | Reached XP level 2. HP: 20/20 MP: 5/7
   835 | D:1      | Learned a level 2 spell: Poisonous Vapours
   894 | D:1      | Reached skill level 3 in Poison Magic
  1597 | D:2      | Reached XP level 3. HP: 23/26 MP: 2/8
  2258 | D:2      | Reached XP level 4. HP: 31/34 MP: 1/10
  2331 | D:2      | Learned a level 2 spell: Swiftness
  2521 | D:2      | Found Qone's Antique Armour Shoppe.
  3156 | D:3      | Reached skill level 1 in Fighting
  3454 | D:3      | Reached XP level 5. HP: 40/40 MP: 7/11
  3950 | D:3      | Reached skill level 1 in Air Magic
  4474 | D:3      | Reached skill level 4 in Poison Magic
  4485 | D:3      | Learned a level 3 spell: Mephitic Cloud
  4833 | D:4      | Noticed an ogre
  4857 | D:4      | Mangled by an ogre

Illustrated notes

Levels and vault maps discovered:
D:1:      elethiomel_arrival_fortress_basement, layout_rooms
D:2:      minmay_skewed_foursquare, layout_rooms, serial_shops, shop,
          dk_noncrumbling_3, corexii_shack, minmay_tiny_reverse_x
D:3:      layout_basic
D:4:      layout_cave_pods, minmay_temple_entry_ruins, uniq_edmund

Skill      XL: |  1  2  3  4  5 |
---------------+----------------+-----
Transmutations | 1 |  1.3
Poison Magic   | 3 4 |  4.1
Dodging        | 2 |  2.8
Spellcasting   | 2 |  2.7
Fighting       | 1 |  1.6
Air Magic      | 1 |  1.2
Stealth        | |  1.9

Action                   |  1- 3 |  4- 6 || total
-------------------------+-------+-------++-------
Melee: Unarmed           |     9 |       ||     9
       Falchion          |     9 |    14 ||    23
       Dagger            |     1 |       ||     1
Throw: Dart              |       |     4 ||     4
 Cast: Sting             |    52 |    19 ||    71
       Poisonous Vapours |    21 |    64 ||    85
       Swiftness         |       |     1 ||     1
Evoke: Wand              |       |     4 ||     4
  Use: Scroll            |       |     1 ||     1
Armor: Robe              |     6 |     6 ||    12
       Leather armour    |       |     1 ||     1
Dodge: Dodged            |    22 |     6 ||    28
       Rpst.: Falchion   |       |     2 ||     2

Table legend: (Time is in decaauts)
 A = Elapsed time spent in this place.
 B = Non-inter-level travel time spent in this place.
 C = Inter-level travel time spent in this place.
 D = Time resting spent in this place.
 E = Time spent auto-exploring this place.
 F = Levels seen in this place.
 G = Mean time per level.
                   A        B        C        D        E       F      G
               +--------+--------+--------+--------+--------+-----+--------+
         Total |   4859 |   4809 |     50 |   2051 |   2070 |   4 | 1214.8 |
       Dungeon |   4859 |   4809 |     50 |   2051 |   2070 |   4 | 1214.8 |
               +--------+--------+--------+--------+--------+-----+--------+

Top non-repeatable levels by time:
     D:1: 1588 daAuts
     D:3: 1554 daAuts
     D:2: 1460 daAuts
     D:4: 256 daAuts
